 Dungeon Crawl Stone Soup version 0.31-b1-18-g61460d1e46 (webtiles) character file.

Game seed: 5517936964621313975

863 Esekla the Covert (level 8, -1/53 (54) HPs)
             Began as an Octopode Delver on Jan 17, 2024.
             Was an Initiate of Gozag.
             Slain by a gnoll
             ... wielding a +0 quarterstaff
             ... led by a gnoll bouda
              (9 damage)
             ... on level 5 of the Dungeon.
             The game lasted 00:30:55 (4523 turns).

Esekla the Covert (Octopode Delver)                 Turns: 4523, Time: 00:30:56

HP:   -1/53 (54)    AC:  1    Str: 11    XL:     8   Next: 2%
MP:   5/12          EV: 20    Int: 15    God:    Gozag
Gold: 838           SH:  0    Dex: 19    Spells: 10/13 levels left

rFire   . . .        a - +0 long sword (venom)
rCold   . . .        (no shield)
rNeg    . . .        (helmet restricted)
rPois   .            (no amulet)
rElec   .            k - +6 ring of dexterity
rCorr   .            l - +5 ring of evasion
SInv    .            (no ring)
Will    .....        (no ring)
Stlth   +++++        (no ring)
HPRegen 0.28/turn    (no ring)
MPRegen 0.13/turn    (no ring)
                     (no ring)

%: no passive effects
@: lightly drained
A: almost no armour, amphibious, 8 rings, camouflage 1, gelatinous body 1,
(nimble swimmer 1), tentacles
a: Renounce Religion, Potion Petition, Call Merchant, Bribe Branch


You were on level 5 of the Dungeon.
You worshipped Gozag.
Gozag was pleased with you.
You visited 2 branches of the dungeon, and saw 6 of its levels.

You collected 860 gold pieces.
You paid 22 gold pieces to Gozag.

Inventory:

Hand Weapons
 a - a +0 long sword of venom (weapon)
 r - a +0 spear
 s - a +0 dagger of venom
Missiles
 h - a throwing net
 m - 4 curare-tipped darts (quivered)
Jewellery
 k - a +6 ring of dexterity (left tentacle)
 l - a +5 ring of evasion (right tentacle)
 p - a ring of magical power
Wands
 f - a wand of digging (12)
 w - a wand of flame (38)
Scrolls
 b - 3 scrolls of fog
 d - 2 scrolls of enchant weapon {unknown}
 g - 5 scrolls of identify {unknown}
 i - 3 scrolls of teleportation {unknown}
 n - a scroll of revelation
 o - a scroll of poison {unknown}
 t - 2 scrolls of butterflies {unknown}
 y - 2 scrolls of fear
Potions
 c - a potion of ambrosia {unknown}
 e - a potion of degeneration {unknown}
 j - a potion of might {unknown}
 q - a potion of cancellation {unknown}
 u - a potion of invisibility {unknown}
 v - a potion of berserk rage {unknown}
 x - a potion of mutation {unknown}


   Skills:
 * Level 4.0 Fighting
 + Level 0.5(3.1) Short Blades
 * Level 5.0(5.1) Long Blades
 + Level 0.3 Throwing
 * Level 3.7 Dodging
 + Level 8.5 Stealth
 * Level 3.0 Spellcasting
 * Level 2.0 Necromancy
 + Level 1.1 Air Magic


You had 10 spell levels left.
You knew the following spells:

 Your Spells              Type           Power      Damage    Failure   Level
d - Vampiric Draining     Necr           8%         2d6       26%         3

Your spell library contained the following spells:

 Spells                   Type           Power      Damage    Failure   Level
 Necrotise                Necr           32%        1d5       9%          1
 Static Discharge         Conj/Air       6%         3-4/arc   24%         2
 Airstrike                Air            2%         2d(1-17)  77%         4
 Martyr's Knell           Necr/Summ      5%         N/A       78%         4
 Summon Lightning Spire   Summ/Air       3%         N/A       85%         4
 Curse of Agony           Necr           8%         N/A       94%         5


Dungeon Overview and Level Annotations

Branches:
Dungeon (5/15)             Temple (1/1) D:5

Altars:
Ashenzari
Cheibriados
Dithmenos
Elyvilon
Fedhas
Gozag
Hepliaklqana
Kikubaaqudgha
Okawaru
Qazlal
Sif Muna
Trog
Vehumet
Wu Jian
Xom
Yredelemnul
Zin
The Shining One


Innate Abilities, Weirdness & Mutations

You cannot wear most types of armour.
You are amphibious.
You can wear up to eight rings at the same time.
Your skin changes colour to match your surroundings (Stealth+).
Your rubbery body absorbs attacks. (AC +1, EV +1)
((You are camouflaged when in or above water. (Stealth+)))
You have tentacles for arms and can constrict up to eight enemies at once.


Message History

You constrict the wolf.
You kill the wolf!
The hound barely misses you. The hound misses you.
Your Fighting skill increases to level 4!
Your Long Blades skill increases to level 5!
Your Spellcasting skill increases to level 3!
You hit the hound.
The hound is poisoned.
Your grab misses the hound. Your squeeze misses the hound.
The hound is almost dead.
A hound comes into view.
The hound misses you.
Casting: Vampiric Draining (dangerous; 26% risk of failure)
Confirm with . or Enter, or press ? or * to list all spells.
Aiming: Vampiric Draining (dangerous; 26% risk of failure)
Press: ? - help, Shift-Dir - straight line, f/p - hound
Aim: a hound (almost dead, very poisoned)
You miscast Vampiric Draining.
You are very lightly contaminated with residual magic.
You are engulfed in negative energy!
You feel drained.
* * * LOW HITPOINT WARNING * * *
The hound barks!
The hound bites you.
* * * LOW HITPOINT WARNING * * *
The hound misses you.
You closely miss the hound. You grab the hound. Your squeeze misses the hound.
The hound is almost dead.
You constrict the hound.
You kill the hound!
Your Necromancy skill increases to level 2!
You have reached level 8!
The hound is distracted by your dazzling golden aura.
The hound is no longer distracted by gold.
Your magical contamination has completely faded away.
A gnoll comes into view.
It is wielding a +0 halberd and quivering poisoned darts.
A gnoll comes into view. It is wielding a +0 quarterstaff.
A gnoll comes into view. It is wielding a +0 flail.
The gnoll bouda shouts!
The gnoll shouts! x4
The gnoll hits you with a +0 quarterstaff!
You die...
Your body crumbles into a pile of gold.

+#..#***.......#*,,,,,,,,,**,**,*
....+,,**..?...#*,,,...g.,**,**,*
..h.+,,*#......##,,,.....,**,*#.*
....##*#..#.##..####...###*,,##..
...[.##...#.#............,,,.#...
.....$....#..............,*##.h..
#..##$.####...........#.###......
...##....#..#..##.....#........#.
.#...#......#...@...............#
##..........#...g<...##.....#....
.#..........##...gg..###........#
........#..###O.......##.......#.
........#......g......##.....#.#.
...[....####.###.#.........(....#
.............###...#..##.........
.....................##.......(..
..............#.##...###.........


You could see an ogre, a gnoll bouda and 4 gnolls.

Vanquished Creatures
  A wolf (D:5)
  3 scorpions
  2 bombardier beetles
  A howler monkey (D:4)
  2 hounds (D:5)
  Crazy Yiuf (D:3)
  3 orc priests (D:3)
  3 iguanas
  An orc wizard (D:4)
  A mummy (D:4)
  Robin (D:2)
  7 gnolls
  3 adders
  A dart slug (D:3)
  A ribbon worm (D:2)
  11 orcs
  4 ball pythons
  4 bats
  10 endoplasms
  A giant cockroach (D:2)
  14 goblins
  8 hobgoblins
  2 jackals (D:1)
  3 quokkas
  6 frilled lizards
  A hobgoblin zombie (D:4)
  5 kobolds
  2 kobold zombies (D:4)
  An orc zombie (D:4)
  4 rats
107 creatures vanquished.

Notes
Turn   | Place    | Note
-------+----------+-------------------------------------------
     0 | D:5      | Esekla the Octopode Delver began the quest for the Orb.
     0 | D:5      | Reached XP level 1. HP: 16/16 MP: 1/1
     9 | D:5      | Noticed a bombardier beetle
    38 | D:5      | Noticed a black bear
    42 | D:5      | Found a staircase to the Ecumenical Temple.
    56 | Temple   | Entered the Ecumenical Temple
    75 | D:5      | Noticed a gnoll sergeant
    99 | D:5      | Noticed an ogre
   106 | D:5      | Noticed a hound
   108 | D:5      | Noticed a hound
   111 | D:5      | Noticed a wolf
   132 | D:5      | Noticed a hound
   173 | Temple   | Became a worshipper of Gozag Ym Sagoz the Greedy
   202 | D:5      | Noticed a hound
   224 | D:4      | Noticed an iguana
   224 | D:4      | Noticed a howler monkey
   240 | D:5      | Noticed a gnoll bouda
   246 | D:4      | Noticed an orc wizard
   291 | D:4      | Noticed a scorpion
   304 | D:4      | Killed a scorpion
   305 | D:4      | Reached skill level 7 in Stealth
   305 | D:4      | Reached XP level 2. HP: 14/21 MP: 1/3
   305 | D:4      | Reached XP level 3. HP: 17/26 MP: 1/4
   305 | D:4      | Reached XP level 4. HP: 21/31 MP: 1/5
   587 | D:3      | Noticed a scorpion
   642 | D:3      | Reached skill level 1 in Spellcasting
   673 | D:3      | Reached skill level 1 in Air Magic
   763 | D:2      | Noticed Robin
  1331 | D:1      | Reached XP level 5. HP: 36/36 MP: 7/7
  1595 | D:2      | Learned a level 3 spell: Vampiric Draining
  2192 | D:2      | Killed Robin
  2477 | D:3      | Reached skill level 8 in Stealth
  2477 | D:3      | Reached skill level 1 in Necromancy
  2477 | D:3      | Reached XP level 6. HP: 19/42 MP: 8/8
  2995 | D:3      | Found a runed translucent door.
  2996 | D:3      | Noticed Crazy Yiuf
  3290 | D:3      | Reached XP level 7. HP: 33/47 MP: 6/10
  3424 | D:3      | Killed Crazy Yiuf
  3962 | D:4      | Identified the +6 flail of World Downfall {freeze, rF++}
  4095 | D:4      | Found a white marble altar of Elyvilon.
  4095 | D:4      | Found a stormy altar of Qazlal.
  4096 | D:4      | Found a hazy altar of Hepliaklqana.
  4497 | D:5      | Reached skill level 5 in Long Blades
  4498 | D:5      | HP: 2/46 [something (7)]
  4500 | D:5      | Reached XP level 8. HP: 1/53 MP: 2/12
  4523 | D:5      | Slain by a gnoll

Illustrated notes

Levels and vault maps discovered:
D:1:      elethiomel_arrival_maze, layout_loops_ring, minmay_misc_feat_chi
D:2:      layout_basic, uniq_robin
D:3:      layout_loops_ring, hangedman_abyss_or_decor_lesser_grid,
          uniq_crazy_yiuf_cottage
D:4:      layout_cave_pods, gammafunk_temple_overflow_claw, minmay_mini_ossuary
D:5:      layout_cave_pools, minmay_temple_entry_mini_moons, serial_gnoll_camp,
          gnoll_camp_huts_moat, gnoll_camp_mini_loothouse, grums_kennel,
          gnoll_camp_medium_01, gnoll_camp_medium_02, roderic_roman_lattice
Temple:   nicolae_temple_no_exploring_needed

Skill      XL: |  1  2  3  4  5  6  7 |
---------------+----------------------+-----
Stealth        | 7 8 |  8.5
Spellcasting   | 1 2 3 |  3.0
Air Magic      | 1 |  1.1
Long Blades    | 3 5 |  5.0
Necromancy     | 1 2 |  2.0
Dodging        | 3 |  3.7
Fighting       | 4 |  4.0
Short Blades   | |  0.5
Throwing       | |  0.3

Action                     |  1- 3 |  4- 6 |  7- 9 || total
---------------------------+-------+-------+-------++-------
  Melee: Falchion          |     5 |    50 |       ||    55
         Tentacles         |     3 |    28 |     7 ||    38
         Constrict         |     1 |    32 |    16 ||    49
         Dagger            |       |    22 |       ||    22
         Long sword        |       |    63 |    45 ||   108
         Punch             |       |     1 |     2 ||     3
  Throw: Boomerang         |       |    10 |       ||    10
         Dart              |       |       |     5 ||     5
   Cast: Vampiric Draining |       |       |     2 ||     2
    Use: Scroll            |     2 |       |       ||     2
         Potion            |       |     1 |       ||     1
   Stab: Sleeping          |       |    26 |       ||    26
         Distracted        |       |     2 |     1 ||     3
 Armour: Skin              |     4 |    31 |    19 ||    54
  Dodge: Dodged            |     6 |    71 |    41 ||   118
